 Dungeon Crawl Stone Soup version 0.25-a0-876-gadf69d5 (webtiles) character file.

Game seed: 14744337487063867392, levelgen mode: deterministic

87 BlueFish the Insei (level 4, -6/28 HPs)
             Began as an Octopode Transmuter on May 2, 2020.
             Killed by divine providence
             ... invoked by an orc priest
              (13 damage)
             ... on level 3 of the Dungeon.
             The game lasted 00:06:41 (1908 turns).

BlueFish the Insei (Octopode Transmuter)            Turns: 1908, Time: 00:06:42

Health: -6/28      AC:  1    Str: 10    XL:     4   Next: 51%
Magic:  16/16      EV: 13    Int: 15    God:
Gold:   105        SH:  0    Dex: 12    Spells: 1/7 levels left

rFire    . . .     SeeInvis .     - Unarmed
rCold    . . .     Gourm    .   (no shield)
rNeg     . . .     Faith    .   (helmet restricted)
rPois    .         Spirit   .   (no amulet)
rElec    .         Reflect  .   e - ring of magical power
rCorr    .         Harm     .   (no ring)
MR       .....                  (no ring)
Stlth    +++.......             (no ring)
HPRegen  0.09/turn              (no ring)
MPRegen  0.15/turn              (no ring)
                                (no ring)
                                (no ring)

@: appendage (expiring)
A: almost no armour, stealthy swim, amphibious, 8 rings, constrict 8, tentacle
spike 3, camouflage 1, gelatinous body 1
a: End Transformation


You were on level 3 of the Dungeon.
You were not hungry.
One of your tentacles had a temporary spike.
You visited 1 branch of the dungeon, and saw 3 of its levels.

You collected 105 gold pieces.

Inventory:

Missiles
 a - 37 arrows
Jewellery
 e - a ring of magical power (left tentacle)
Wands
 i - a wand of enslavement (10)
Scrolls
 f - a scroll of magic mapping
 h - 2 scrolls of enchant weapon
Potions
 b - 2 potions of heal wounds
 d - a potion of invisibility
 g - a potion of berserk rage {unknown}
 j - a potion of mutation {unknown}
 l - 2 potions of curing
Comestibles
 c - 4 rations
 k - a chunk of flesh


   Skills:
 * Level 1.5 Fighting
 * Level 2.3 Dodging
 * Level 2.2 Stealth
 * Level 3.9 Unarmed Combat
 + Level 2.2 Spellcasting
 * Level 2.4 Transmutations
 * Level 0.6 Poison Magic


You had one spell level left.
You knew the following spells:

 Your Spells              Type           Power        Failure   Level  Hunger
a - Beastly Appendage     Tmut           #.....       8%          1    #......
b - Sticks to Snakes      Tmut           #.......     12%         2    ###....
c - Spider Form           Tmut/Pois      #.........   34%         3    ###....

Your spell library contained the following spells:

 Spells                   Type           Power        Failure   Level  Hunger
 Ice Form                 Ice/Tmut       #.......     78%         4    #####..
 Blade Hands              Tmut           #.........   91%         5    ######.


Dungeon Overview and Level Annotations

Branches:
Dungeon (3/15)

Altars:
Makhleb


Innate Abilities, Weirdness & Mutations

You cannot wear most types of armour.
You are very stealthy in the water. (Stealth+)
You are amphibious.
You can wear up to eight rings at the same time.
You can use your tentacles to constrict eight enemies at once.
Your skin changes colour to match your surroundings (Stealth+).
Your rubbery body absorbs attacks. (AC +1, EV +1)
One of your tentacles bears a large vicious spike.


Message History

Your grab misses the orc warrior.
You pierce the orc warrior.
The orc warrior is lightly wounded.
An orc priest comes into view. It is wielding a +0 club.
The orc warrior hits you with a +0 short sword!
Ouch! That really hurt!
* * * LOW HITPOINT WARNING * * *
The orc priest shouts!
Your transformation is almost over.
The orc wizard casts a spell.
The orc wizard seems to speed up.
You hear a shout!
Some of the chunks of flesh in your inventory have rotted away.
Okay, then.
The orc wizard casts a cantrip, but nothing happens.
There is an open door here.
An orc priest comes into view. It is wielding a +0 short sword.
The orc wizard miscasts a cantrip.
The orc priest invokes the aid of Beogh against you.
Beogh smites you!
You die...

###.#.......##o#.... ...
#....+......'.g#...
...##..#.....#.o#......_.
......###...###.##.#.....
........#.....#.....#.....
...............oo..# ...[
...................####.#
#.........####o.........
#...##'#### #@......#.
#...##.### #...#+#.#
#...#....# #...# .#
+...รท..#'## #...# #
#....#....# #...#
#....+....# #...#
######....# #...# #....#
#...# ##....#


You could see an orc warrior, 2 orc priests, an orc wizard and a hobgoblin.

Vanquished Creatures
  3 adders (D:2)
  A worm (D:2)
  4 dart slugs
  3 leopard geckos (D:2)
  A ball python (D:2)
  5 giant cockroaches
  6 goblins (D:1)
  4 hobgoblins
  3 kobolds
  A quokka (D:2)
  5 bats
  6 frilled lizards
  4 rats (D:1)
46 creatures vanquished.

Notes
Turn   | Place    | Note
-------+----------+-------------------------------------------
     0 | D:1      | BlueFish the Octopode Transmuter began the quest for the
                  | Orb.
     0 | D:1      | Reached XP level 1. HP: 13/13 MP: 3/3
   230 | D:1      | Reached XP level 2. HP: 16/18 MP: 5/5
   234 | D:1      | Learned a level 2 spell: Sticks to Snakes
   395 | D:1      | Reached XP level 3. HP: 13/23 MP: 6/6
   400 | D:1      | Learned a level 3 spell: Spider Form
   498 | D:1      | Reached skill level 1 in Stealth
  1052 | D:2      | Reached XP level 4. HP: 21/28 MP: 7/7
  1863 | D:3      | Noticed an orc warrior
  1875 | D:3      | Found a burning altar of Makhleb.
  1908 | D:3      | Killed from afar by an orc priest

Levels and vault maps discovered:
D:1:      scummos_arrival_checkerplants, layout_loops_ring,
          chequers_serial_rivers_small_a, chequers_avenue, minmay_misc_feat_room
D:2:      layout_loops_ring
D:3:      layout_basic, okawaru_metal_pillars_3, old_standard_altar,
          nrook_uturn, minmay_strange_pillars

Skill      XL: |  1  2  3  4 |
---------------+-------------+-----
Stealth        | 1 2 |  2.2
Fighting       | |  1.5
Dodging        | |  2.3
Unarmed Combat | |  3.9
Spellcasting   | |  2.2
Transmutations | |  2.4
Poison Magic   | |  0.6

Action                   |  1- 3 |  4- 6 || total
-------------------------+-------+-------++-------
Melee: Unarmed           |    59 |    37 ||    96
       Constrict         |    19 |    11 ||    30
       Tentacles         |     8 |     3 ||    11
       Kick              |     8 |     6 ||    14
 Cast: Beastly Appendage |    17 |     8 ||    25
  Use: Scroll            |     7 |     2 ||     9
 Stab: Sleeping          |     9 |     1 ||    10
  Eat: Chunk             |     1 |     3 ||     4
Armor: Skin              |     6 |     3 ||     9
Dodge: Dodged            |    39 |    18 ||    57

Table legend:
 A = Non-vault XP
 B = Vault XP
 C = Vault XP percentage of total XP
 D = Non-vault monster count
 E = Vault monster count
 F = Vault count percentage of total count
                 A         B        C        D         E       F
            +---------+---------+-------+---------+---------+-------
      Total |     125 |       0 |   0.0 |      46 |       0 |   0.0
            +---------+---------+-------+---------+---------+-------
        D:1 |      48 |       0 |   0.0 |      27 |       0 |   0.0
        D:2 |      76 |       0 |   0.0 |      18 |       0 |   0.0
        D:3 |       1 |       0 |   0.0 |       1 |       0 |   0.0
            +---------+---------+-------+---------+---------+-------
